 Dungeon Crawl Stone Soup version 0.29-a0-319-gad05b8d819 (webtiles) character file.

Game seed: 18067042784771707995

315 kae the Firebug (level 6, -10/35 HPs)
             Began as a Tengu Fire Elementalist on Apr 1, 2022.
             Killed by divine providence
             ... invoked by an orc priest
              (17 damage)
             ... on level 4 of the Dungeon.
             The game lasted 00:02:34 (5290 turns).

kae the Firebug (Tengu Fire Elementalist)           Turns: 5290, Time: 00:02:35

Health: -10/35     AC:  2    Str:  9    XL:     6   Next: 43%
Magic:  8/11       EV: 15    Int: 17    God:
Gold:   227        SH:  0    Dex: 14    Spells: 4/10 levels left

rFire   + . .      SeeInvis .   m - staff of fire
rCold   . . .      Faith    .   (no shield)
rNeg    . . .      Spirit   .   a - +0 robe
rPois   .          Reflect  .   (helmet restricted)
rElec   .          Harm     .   (no cloak)
rCorr   .          Rampage  .   (no gloves)
Will    +....                   (boots unavailable)
Stlth   ++........              (no amulet)
HPRegen 0.11/turn               f - ring of willpower
MPRegen 0.12/turn               (no ring)

@: flying quickly and evasively, quick
A: beak, talons 3, nimble flight
a: no special abilities


You were on level 4 of the Dungeon.
You visited 1 branch of the dungeon, and saw 4 of its levels.

You collected 227 gold pieces.

Inventory:

Armour
 a - a +0 robe (worn)
 i - a +0 buckler
Magical Staves
 m - a staff of fire (weapon)
Jewellery
 f - a ring of willpower (left hand)
 o - an amulet of regeneration
Scrolls
 d - 3 scrolls of fog
 g - a scroll of immolation
 j - 2 scrolls of teleportation
 q - a scroll of torment
Potions
 b - a potion of magic
 c - 2 potions of resistance
 e - 2 potions of brilliance
 h - 4 potions of heal wounds
 k - a potion of haste {unknown}
 l - 3 potions of curing
 n - 2 potions of flight {unknown}
 r - a potion of attraction {unknown}
 t - a potion of lignification {unknown}


   Skills:
 + Level 1.6 Fighting
 + Level 2.0 Armour
 + Level 3.0 Dodging
 - Level 2.0 Stealth
 + Level 1.3 Shields
 + Level 2.6 Spellcasting
 + Level 3.0 Conjurations
 * Level 4.9 Fire Magic
 + Level 1.5 Evocations


You had 4 spell levels left.
You knew the following spells:

 Your Spells              Type           Power      Damage    Failure   Level
a - Foxfire               Conj/Fire      92%        2x1d8     3%          1
b - Scorch                Fire           56%        2d7       3%          2
c - Conjure Flame         Conj/Fire      23%        6-21      11%         3

Your spell library contained the following spells:

 Spells                   Type           Power      Damage    Failure   Level
 Apportation              Tloc           4%         N/A       19%         1
 Inner Flame              Hex/Fire       16%        N/A       21%         3
 Corpse Rot               Necr/Air       4%         N/A       26%         2
 Poisonous Vapours        Pois/Air       4%         N/A       26%         2
 Flame Wave               Conj/Fire      23%        2d7       34%         4
 Alistair's Intoxication  Tmut/Pois      1%         N/A       99%         5


Dungeon Overview and Level Annotations

Branches:
Dungeon (4/15)
 Temple: D:4-7

Altars:


Innate Abilities, Weirdness & Mutations

You have a beak for a mouth.
You have claws for feet.
Your magical nature lets you fly swiftly and evasively.


Message History

The hornet is almost dead.
The foxfire hits the hornet.
You kill the hornet!
Your Armour skill increases to level 2!
Your Dodging skill increases to level 3!
Your Shields skill increases to level 1!
Your Conjurations skill increases to level 3!
Your Evocations skill increases to level 1!
You have reached level 6!
You feel yourself speed up.
Magic restored.
An orc priest is nearby!
An orc priest is nearby!
An orc priest is nearby!
An orc priest is nearby!
Casting: Foxfire (safe; 3% risk of failure)
Confirm with . or Enter, or press ? or * to list all spells.
You feel a surge of power!
You conjure some foxfire!
The orc priest shouts!
The orc priest mumbles some strange prayers to Beogh against you.
Beogh smites you!
The foxfire hits the orc priest but does no damage.
Casting: Foxfire (safe; 3% risk of failure)
Confirm with . or Enter, or press ? or * to list all spells.
You feel a surge of power!
You conjure some foxfire!
The foxfire hits the orc priest.
The orc priest is lightly wounded.
The foxfire hits the orc priest.
The orc priest is moderately wounded.
The foxfire hits the orc priest.
The orc priest is heavily wounded.
Casting: Foxfire (safe; 3% risk of failure)
Confirm with . or Enter, or press ? or * to list all spells.
You feel a surge of power!
You conjure some foxfire!
The orc priest invokes the aid of Beogh against you.
Beogh smites you!
* * * LOW HITPOINT WARNING * * *
The orc priest invokes the aid of Beogh against you.
Beogh smites you!
You die...

#.# #.# #.# #.# #.#
##########.# ####
...........#########
#...
####........§.......
♣.♣♣
#.......v§§§@§#...
♣.♣♣ #.##.########§#
### ♣.≈♣ #.##.# #§#
#.. ♣♣≈♣♣ #†##.# #v#
#.# ♣♣♣♣..P♣ #.##.#
#o#.#.##♣♣P♣P.≈≈♣
.....#
#.#.#.#..≈≈.≈≈≈≈.
.....#
###.#.#.#.≈♣.≈♣≈.≈♣
......
..........♣♣♣♣♣♣.♣♣
.......<....♣♣ ♣≈≈♣


You could see an orc priest (ally target).

Vanquished Creatures
  A hornet (D:4)
  A jelly (D:3)
  Robin (D:3)
  An adder (D:2)
  A dart slug (D:1)
  2 orcs (D:4)
  3 bats
  4 endoplasms
  A giant cockroach (D:1)
  13 goblins
  11 hobgoblins
  5 jackals
  2 quokkas
  4 ball pythons
  A frilled lizard (D:2)
  5 kobolds
  2 rats
58 creatures vanquished.

Vanquished Creatures (others)
  198 foxfires
198 creatures vanquished.

Grand Total: 256 creatures vanquished

Notes
Turn   | Place    | Note
-------+----------+-------------------------------------------
     0 | D:1      | kae the Tengu Fire Elementalist began the quest for the
                  | Orb.
     0 | D:1      | Reached XP level 1. HP: 10/10 MP: 4/4
   182 | D:1      | Reached XP level 2. HP: 5/15 MP: 0/6
   387 | D:1      | Learned a level 2 spell: Scorch
  1737 | D:2      | Reached XP level 3. HP: 20/20 MP: 4/7
  2032 | D:2      | Reached skill level 1 in Armour
  2596 | D:2      | Reached skill level 4 in Fire Magic
  3534 | D:3      | Noticed Robin
  3646 | D:3      | Learned a level 3 spell: Conjure Flame
  3728 | D:3      | Reached XP level 4. HP: 24/24 MP: 5/8
  4054 | D:3      | Reached skill level 1 in Fighting
  4074 | D:3      | Killed Robin
  4818 | D:4      | Noticed a hornet
  4830 | D:4      | Gained mutation: Your magical nature lets you fly swiftly
                  | and evasively. [Tengu growth]
  4830 | D:4      | Reached XP level 5. HP: 24/29 MP: 6/9
  5197 | D:4      | Killed a hornet
  5198 | D:4      | Reached skill level 1 in Shields
  5198 | D:4      | Reached skill level 1 in Evocations
  5198 | D:4      | Reached XP level 6. HP: 15/35 MP: 2/11
  5290 | D:4      | Killed from afar by an orc priest

Illustrated notes

Levels and vault maps discovered:
D:1:      lightli_arrival_statuegarden, layout_basic, minmay_octomino_j4
D:2:      layout_basic, serial_co_window_serial, co_window_paths_b,
          co_window_corner_a, co_window_paths_a, co_window_paths_a,
          co_window_corner_a, co_window_of_opportunity_a, co_window_corner_a,
          co_window_corner_a, co_window_corner_a, co_window_unsneaky_path_c,
          co_window_unsneaky_path_c, co_window_broadway_b, co_window_paths_c,
          co_window_unsneaky_path_a, co_window_paths_d
D:3:      layout_basic, guppyfry_early_lair_pool, uniq_robin
D:4:      layout_basic, serial_shops, shop_statue, serial_bayou_crossing

Skill      XL: |  1  2  3  4  5 |
---------------+----------------+-----
Armour         | 1 2 |  2.0
Conjurations   | 2 3 |  3.0
Fire Magic     | 4 |  4.9
Fighting       | 1 |  1.6
Dodging        | 3 |  3.0
Shields        | 1 |  1.3
Evocations     | 1 |  1.5
Stealth        | |  2.0
Spellcasting   | |  2.6

Action                   |  1- 3 |  4- 6 || total
-------------------------+-------+-------++-------
Melee: Unarmed           |     7 |       ||     7
       Kick              |     4 |       ||     4
 Cast: Foxfire           |    82 |    46 ||   128
       Scorch            |     5 |     1 ||     6
       Conjure Flame     |       |     1 ||     1
  Use: Scroll            |     9 |     5 ||    14
       Potion            |     1 |       ||     1
Armor: Robe              |     4 |     1 ||     5
Dodge: Dodged            |    23 |     2 ||    25

Table legend: (Time is in decaauts)
 A = Elapsed time spent in this place.
 B = Non-inter-level travel time spent in this place.
 C = Inter-level travel time spent in this place.
 D = Time resting spent in this place.
 E = Time spent auto-exploring this place.
 F = Levels seen in this place.
 G = Mean time per level.
                   A        B        C        D        E       F      G
               +--------+--------+--------+--------+--------+-----+--------+
         Total |   5289 |   5117 |    172 |    518 |   4049 |   4 | 1322.2 |
       Dungeon |   5289 |   5117 |    172 |    518 |   4049 |   4 | 1322.2 |
               +--------+--------+--------+--------+--------+-----+--------+

Top non-repeatable levels by time:
     D:1: 1732 daAuts
     D:3: 1604 daAuts
     D:2: 1358 daAuts
     D:4: 594 daAuts
